 Dungeon Crawl Stone Soup version 0.23-a0-310-gdcc7a32 (webtiles) character file.

91 galech the Skirmisher (level 4, -8/35 HPs)
             Began as a Demonspawn Fighter on Oct 12, 2018.
             Killed from afar by an orc wizard (9 damage)
             ... with a magic dart
             ... on level 3 of the Dungeon.
             The game lasted 00:02:56 (1691 turns).

galech the Skirmisher (Demonspawn Fighter)          Turns: 1691, Time: 00:02:57

Health: -8/35      AC: 19    Str: 17    XL:     4   Next: 33%
Magic:  4/4        EV: -1    Int: 10    God:
Gold:   120        SH:  9    Dex: 12    Spells: 3/3 levels left

rFire    . . .     SeeInvis .   a - +0 war axe
rCold    . . .     Gourm    .   c - +0 shield
rNeg     . . .     Faith    .   l - +0 crystal plate armour
rPois    .         Spirit   .   (no helmet)
rElec    .         Reflect  .   (no cloak)
rCorr    .         Harm     .   (no gloves)
MR       .....                  e - +0 pair of boots
Stlth    ..........             (no amulet)
HPRegen  0.11/turn              (no ring)
MPRegen  0.09/turn              (no ring)

@: slowed, very slow
A: molten scales 1
a: no special abilities


You were on level 3 of the Dungeon.
You were not hungry.

You visited 1 branch of the dungeon, and saw 3 of its levels.

You collected 120 gold pieces.

Inventory:

Hand Weapons
 a - a +0 war axe (weapon)
Armour
 b - a +0 scale mail
 c - a +0 shield (worn)
 e - a +0 pair of boots (worn)
 l - a +0 crystal plate armour (worn)
Scrolls
 h - a scroll of fear {unknown}
 i - 3 scrolls of identify {unknown}
 j - a scroll of amnesia {unknown}
 o - a scroll of noise {unknown}
 q - a scroll of enchant armour {unknown}
 r - a scroll of fog {unknown}
 s - 2 scrolls of teleportation {unknown}
 t - a scroll of blinking {unknown}
 u - 2 scrolls of random uselessness {unknown}
Potions
 d - 2 potions of might
 g - a potion of cancellation {unknown}
 k - a potion of brilliance {unknown}
 m - 4 potions of curing {unknown}
 n - 2 potions of heal wounds {unknown}
Comestibles
 f - 2 rations


   Skills:
 + Level 3.5 Fighting
 + Level 2.8 Axes
 + Level 3.1 Armour
 + Level 3.3 Shields


You had 3 spell levels left.
You didn't know any spells.
Your spell library was empty.

Dungeon Overview and Level Annotations

Branches:
Dungeon (3/15)

Altars:

Annotations:
D:3 1 runed door, nikopol's ghost, amateur DEFE


Innate Abilities, Weirdness & Mutations

You are partially covered in molten scales. (AC +2)


Message History

The orc wizard hits you but does no damage.
The orc wizard casts a spell.
The orc wizard blinks!
The orc wizard casts a spell at you. The magic dart hits you!
* * * LOW HITPOINT WARNING * * *
The orc wizard gestures wildly while chanting.
The orc wizard blinks!
The orc wizard mumbles some strange words.
The orc wizard blinks!
The orc wizard gestures at you while chanting.
You resist with some effort.
The orc wizard casts a spell.
The orc wizard blinks!
The orc wizard casts a spell at you. The magic dart hits you!
* * * LOW HITPOINT WARNING * * *
The orc wizard casts a spell at you. The magic dart hits you!
You die...

...# ...# ####+###+##
...######.........#
...'...# ........
...###.# ..... ...+
#.#####)###+#####
...#.#.##...)......$.#
#+##....'........o...#
###.##.......@....#
...##.........ยง..#
###########+#######


You could see an orc wizard.

Vanquished Creatures
  An orc priest (D:3)
  An adder (D:2)
  An ooze (D:1)
  3 dart slugs
  3 leopard geckos
  2 orcs (D:3)
  5 giant cockroaches
  4 goblins (D:1)
  4 hobgoblins
  A quokka (D:2)
  3 bats (D:1)
  5 frilled lizards
  6 rats
39 creatures vanquished.

Notes
Turn   | Place    | Note
-------+----------+-------------------------------------------
     0 | D:1      | galech the Demonspawn Fighter began the quest for the Orb.
     0 | D:1      | Reached XP level 1. HP: 18/18 MP: 1/1
   195 | D:1      | Gained mutation: You are partially covered in molten
                  | scales. (AC +2) [demonic ancestry]
   195 | D:1      | Reached XP level 2. HP: 24/24 MP: 2/2
   601 | D:1      | Reached XP level 3. HP: 29/29 MP: 3/3
  1635 | D:3      | Found a runed door.
  1644 | D:3      | Noticed nikopol's ghost (amateur DEFE)
  1673 | D:3      | Reached XP level 4. HP: 9/35 MP: 4/4
  1690 | D:3      | HP: 1/35 [orc wizard/magic dart (9)]
  1691 | D:3      | Killed from afar by an orc wizard

Vault maps used:
D:1:      dpeg_arrival_water_temple_mockup
D:3:      lightli_temple_of_fire, ebering_ghost_sewer_d, kennysheep_slug_shrine

Skill      XL: |  1  2 |
---------------+-------+-----
Shields        | 3 |  3.3
Armour         | 3 |  3.1
Axes           | 2 |  2.8
Fighting       | |  3.5

Action                   |  1- 3 |  4- 6 || total
-------------------------+-------+-------++-------
Melee: War axe           |   114 |    13 ||   127
  Eat: Chunk             |     3 |       ||     3
Armor: Scale mail        |    25 |       ||    25
       Crystal plate arm |    66 |    14 ||    80
Dodge: Dodged            |    11 |       ||    11
Block: Shield            |    51 |     6 ||    57

Table legend:
 A = Non-vault XP
 B = Vault XP
 C = Vault XP percentage of total XP
 D = Non-vault monster count
 E = Vault monster count
 F = Vault count percentage of total count
                 A         B        C        D         E       F
            +---------+---------+-------+---------+---------+-------
      Total |     130 |       0 |   0.0 |      39 |       0 |   0.0
            +---------+---------+-------+---------+---------+-------
        D:1 |      50 |       0 |   0.0 |      25 |       0 |   0.0
        D:2 |      33 |       0 |   0.0 |      11 |       0 |   0.0
        D:3 |      47 |       0 |   0.0 |       3 |       0 |   0.0
            +---------+---------+-------+---------+---------+-------
